 Dungeon Crawl Stone Soup version 0.32-a0-938-g40ac7a0f4d (webtiles) character file.

Game seed: 16243429926599054230

1447864 ParallaxScroll the Slayer (level 26, 233/233 HPs)
             Began as a Coglin Berserker on Apr 14, 2024.
             Was the Champion of Trog.
             Escaped with the Orb
             ... and 3 runes on Apr 15, 2024!
             The game lasted 07:39:37 (90732 turns).

ParallaxScroll the Slayer (Coglin Berserker)       Turns: 90732, Time: 07:39:37

Health: 233/233    AC: 48    Str: 32    XL:     26   Next: 86%
Magic:  23/23      EV: 10    Int:  6    God:    Trog [******]
Gold:   4742       SH:  0    Dex:  9    Spells: 25/25 levels left

rFire   + . .        a - +9 broad axe (spect) {Nolwazi}
rCold   + + .        c - +9 broad axe (protect) {Soledad}
rNeg    . . .        l - +12 gold dragon scales
rPois   +            X - +0 hat of Absence {+Blink rElec Str+6 Int-3}
rElec   +            E - +1 cloak "Qott" {+Inv rPois Will+ Dex-4}
rCorr   +            N - +1 pair of gloves of the Gloaming {Will+ Slay+6}
SInv    .            o - +2 pair of boots {rampage}
Will    +++..        (amulet unavailable) Stlth
                     (ring unavailable)
HPRegen 0.58/turn    (ring unavailable)
MPRegen 0.18/turn    w
                       - N-30 geomatrix {RevParry, rPois rCorr Slay+3}

%: rampage
@: studying 2 skills
A: off-hand wielding, slow wielding, warmup strikes, no jewellery, iridescent
scales 1, cold resistance 1, screaming 1, weak 1
0: Orb of Zot
}: 3/15 runes: serpentine, barnacled, silver
a: Renounce Religion, Evoke Blink, Evoke Invisibility, Berserk, Trog's Hand,
Brothers in Arms


You escaped.
You worshipped Trog.
Trog was exalted by your worship.
You visited 10 branches of the dungeon, and saw 50 of its levels.
You visited 2 bazaars.
You also visited: Bailey, Gauntlet and Ice Cave.

You collected 10549 gold pieces.
You spent 5807 gold pieces at shops.

Inventory:

Hand Weapons
 a - a +9 spectral broad axe (weapon) {Nolwazi}
 b - the +4 broad axe "Cenoeranli" {speed, Int+7 SInv}
   (You bought it in a shop in a bazaar)

   Int+7:     It affects your intelligence (+7).
   SInv:      It lets you see invisible.
 c - a +9 broad axe of protection (offhand) {Soledad}
 m - the +12 spear "Testudine's Doom" {flame, rN+}
   (You found it on level 9 of the Dungeon)

   rN+:       It protects you from negative energy.
Missiles
 A - 38 boomerangs
 H - 4 curare-tipped darts
 K - 14 silver javelins (quivered)
 P - 25 javelins
 V - 5 throwing nets
 W - 4 datura-tipped darts
Armour
 l - +12 gold dragon scales (worn)
 o - a +2 pair of boots of rampaging (worn)
 E - the +1 cloak "Qott" (worn) {+Inv rPois Will+ Dex-4}
   (You found it on level 1 of the Vaults)

   Dex-4:     It affects your dexterity (-4).
   rPois:     It protects you from poison.
   Will+:     It increases your willpower.
   +Inv:      It lets you turn invisible.
 N - the +1 pair of gloves of the Gloaming (worn) {Will+ Slay+6}
   (You acquired it on level 7 of the Dungeon)

   Slay+6:    It affects your accuracy & damage with ranged weapons and melee
   (+6).
   Will+:     It increases your willpower.
 X - the +0 hat of Absence (worn) {+Blink rElec Str+6 Int-3}
   (You found it on level 1 of the Vaults)

   Str+6:     It affects your strength (+6).
   Int-3:     It affects your intelligence (-3).
   rElec:     It insulates you from electricity.
   +Blink:    It lets you blink.
Gizmo
 w - a N-30 geomatrix (installed) {RevParry, rPois rCorr Slay+3}
   (You invented it yourself on level 4 of the Lair of Beasts)

   [N-30 geomatrix]

   RevParry:  Your AC increases as you Rev (up to +5) and while fully Revved,
   your attacks may disarm enemies.
   Slay+3:    It affects your accuracy & damage with ranged weapons and melee
   (+3).
   rPois:     It protects you from poison.
   rCorr:     It protects you from acid and corrosion.
Wands
 u - a wand of acid (7)
 x - a wand of charming (86)
 B - a wand of digging (7)
 F - a wand of flame (104)
 G - a wand of roots (60)
 T - a wand of polymorph (21)
 Y - a wand of mindburst (25)
Scrolls
 d - 13 scrolls of teleportation
 e - a scroll of butterflies
 h - 9 scrolls of vulnerability
 j - 11 scrolls of blinking
 s - 11 scrolls of immolation
 t - 8 scrolls of fog
 v - 3 scrolls of silence
 I - 3 scrolls of torment
 M - 11 scrolls of fear
Potions
 f - 2 potions of berserk rage
 g - 6 potions of ambrosia
 i - 14 potions of might
 k - 8 potions of enlightenment
 p - 25 potions of curing
 q - 10 potions of attraction
 r - 11 potions of lignification
 z - 7 potions of cancellation
 C - 23 potions of heal wounds
 L - 5 potions of haste
 R - 9 potions of invisibility
 S - 4 potions of resistance
 Z - 5 potions of mutation
Miscellaneous
 n - a condenser vane
 y - a lightning rod (4/4)
 D - a box of beasts
 J - a phantom mirror
 Q - a Gell's gravitambourine (2/2)


   Skills:
 + Level 24.5 Fighting
 - Level 20.0 Axes
 - Level 18.0 Throwing
 - Level 22.0 Armour
 - Level 15.0 Dodging
 - Level 24.0 Evocations


You had 25 spell levels left.
You didn't know any spells.
Your spell library was empty.

Dungeon Overview and Level Annotations

Branches:
Dungeon (15/15)            Temple (0/1) D:4            Lair (5/5) D:10
 Shoals (4/4) Lair:3        Snake (4/4) Lair:3        Slime (0/5) Lair:5
    Orc (2/2) D:10            Elf (3/3) Orc:2        Vaults (5/5) D:13
  Crypt (3/3) Vaults:3       Tomb (0/3) Crypt:3      Depths (4/4) D:15
    Zot (5/5) Depths:4     Bailey (visited)           IceCv (visited)
Gauntlet (visited)

Altars:
Ashenzari
Dithmenos
Elyvilon
Gozag
Hepliaklqana
Makhleb
Nemelex Xobeh
Okawaru
Qazlal
Trog
Uskayaw
Vehumet
Wu Jian
Xom
Yredelemnul
The Shining One
Beogh
Jiyva

Shops:
D:9 :   D:11 *   Orc:2 [:=(*   Elf:1 [   Elf:3 (   Snake:1 !   Snake:2 ?==:
Snake:4 :*   Vaults:2 (   Vaults:3 (   Depths:2 =?*

Portals:
Hell: Depths:1 Depths:2 Depths:3 Depths:4
Abyss: Depths:3
Pandemonium: Depths:2 Depths:3
Ziggurat: Depths:4

Annotations:
Depths:1 3 runed translucent doors, Gaexku's ghost, veteran DrSh; ILmort's ghost, legendary TeAE
Zot:3 1 transporter
Zot:5 1 exclusion


Innate Abilities, Weirdness & Mutations

You can wield a second weapon in your off-hand.
It takes a long time for you to wield or remove held weapons.
Your first few attacks do less damage.
You cannot equip rings or amulets.
You are partially covered in iridescent scales. (AC +2)
Your flesh is cold resistant. (rC+)
You occasionally shout uncontrollably at your foes.
You are weak. (Str -2)


Message History

Your +9 spectral broad axe {Nolwazi} hits the demonspawn corrupter!
The demonspawn corrupter completely misses you.
The demonspawn corrupter kicks you but does no damage.
You slice the demonspawn corrupter with your +9 spectral broad axe!!
The demonspawn corrupter is almost dead.
You miss the demonspawn corrupter with your +9 broad axe of protection.
Your +9 spectral broad axe {Nolwazi} hits the demonspawn corrupter!
You kill the demonspawn corrupter!
Trog accepts your kill.
What level of the Dungeon? (default 1, ? - help)
Your +9 spectral broad axe {Nolwazi} disappears.
There is a stone staircase leading up here.
You climb upwards.
There is a stone staircase leading down here.
There is a stone staircase leading up here.
You climb upwards.
There is a stone staircase leading down here.
A hell beast comes into view.
You rampage towards the hell beast!
You slice the hell beast with your +9 spectral broad axe!!
The hell beast is moderately wounded.
You cut the hell beast into ribbons with your +9 broad axe of protection!!!
Your weapon exudes an aura of protection.
Your +9 spectral broad axe {Nolwazi} misses the hell beast.
The hell beast bites you but does no damage.
The hell beast barely misses you.
You completely miss the hell beast with your +9 spectral broad axe.
The hell beast is severely wounded.
You slice the hell beast with your +9 broad axe of protection!!
You kill the hell beast!
Trog accepts your kill.
What level of the Dungeon? (default 1, ? - help)
Your +9 spectral broad axe {Nolwazi} disappears.
There is a stone staircase leading up here.
You climb upwards.
There is a stone staircase leading down here.
You see here a frilled lizard skeleton.
There is a dry fountain, spattered with blood here.
There is a staircase leading out of the dungeon here.
You have escaped!

.# #.##.>...#.#... .#
#......#.#.###. .#
###...#..#.....#. .#
##........###.#.#. .#
#####..##.#........... .#
#.....###.#...###.#.#. .#
##.#######.#...#.....#. .#
#..#⌠...⌠#...#.#.#.###. ##
####.##..@..#...#.÷.#÷#... #
###....##.....##..#.###.###. #
#...#####..>..##............ #
##.### #⌠...⌠##.#..#.#..###
#####..# ### ######.##...#.#.##
##....####.#########.#.....#.#
##.#####...##....##.##.......#
............#.##..#.#.......#####
##.#.###....#)##...##..#.........


There were no monsters in sight!

Vanquished Creatures
  2 dread liches (Zot:5)
  An ancient lich (Vaults:5)
  5 orbs of fire (Zot:5)
  Mennas (Crypt:2)
  2 juggernauts
  Boris (Vaults:3)
  A royal mummy (Crypt:3)
  Vv (Depths:3)
  Parghit (Depths:3)
  3 Killer Klowns (Zot:5)
  Saint Roka (Elf:2)
  Margery (Depths:3)
  A curse toe (Zot:5)
  A caustic shrike (Depths:3)
  A profane servitor (Crypt:3)
  4 golden dragons
  Nikola (Shoals:3)
  Jory (Depths:3)
  A bone dragon (Crypt:3)
  An electric golem (Zot:5)
  A Brimstone Fiend (D:8)
  2 doom hounds (Depths:3)
  2 hellephants
  3 tentacled monstrosities
  3 liches
  Jorgrun (D:13)
  22 Orb Guardians (Zot:5)
  7 titans
  A deep elf master archer (Elf:3)
  2 deep elf blademasters
  5 quicksilver dragons
  Grunn (Depths:3)
  6 sphinxes
  3 death cobs
  3 ancient champions
  4 shadow dragons
  The ghost of Konar the Warrior, an adept CoHu of Hepliaklqana (Shoals:3)
  9 storm dragons
  5 tengu reavers
  An Executioner (Depths:2)
  3 nagarajas
  A revenant (Crypt:2)
  A draconian monk (Depths:4)
  3 protean progenitors
  6 fire giants
  Ilsuiw (Shoals:2)
  14 vault wardens
  7 frost giants
  7 deep elf sorcerers
  A draconian shifter (Depths:4)
  A draconian scorcher (Depths:4)
  2 iron dragons
  2 draconian knights (Zot:5)
  4 deep elf elementalists
  A reaper (Crypt:2)
  3 spectral caustic shrikes (Depths:4)
  The ghost of Lurud the Brawler, a journeyman DrSh of Ru (Snake:2)
  3 orc warlords
  6 curse skulls
  A demonspawn corrupter (D:4)
  A cacodemon (D:8)
  6 ghouls
  3 draconian annihilators
  4 formless jellyfish
  22 ironbound preservers
  2 spriggan defenders
  A caustic shrike skeleton (Crypt:1)
  A draconian stormcaller (Zot:5)
  6 vampire knights
  15 stone giants
  6 very ugly things
  2 broodmothers (Zot:4)
  8 ironbound thunderhulks
  11 deep elf death magi
  6 deep elf demonologists
  A minotaur (Gauntlet)
  A green draconian (Depths:4)
  4 white draconians
  6 purple draconians
  8 dire elephants
  3 red draconians
  A lorocyproca (Depths:3)
  10 deep elf annihilators
  8 black draconians
  A war gargoyle (Vaults:2)
  9 fire dragons
  2 yellow draconians (Zot:5)
  6 spark wasps
  The ghost of Bokken the Stormcaller, a journeyman TeAE of Sif Muna (Lair:5)
  7 merfolk impalers
  11 ettins
  6 merfolk javelineers
  8 eidola
  3 quicksilver dragon zombies (Crypt:3)
  11 deep elf high priests
  7 jiangshi
  Josephine (D:15)
  A hell beast (D:2)
  3 spriggan zombies
  3 rakshasas (Depths:2)
  8 ice dragons
  2 entropy weavers
  4 hydras
  15 yaktaur captains
  A peacekeeper (Vaults:2)
  32 vault guards
  2 alligators (Zot:4)
  4 ogre magi
  A catoblepas (D:15)
  The ghost of Autsider the Fighter, a novice NaAl (D:8)
  4 salamander tyrants
  8 great orbs of eyes
  5 spriggan air magi
  Erolcha (Orc:1)
  6 boulder beetles
  20 anacondas
  2 alligator snapping turtles (Shoals:4)
  A satyr (Shoals:4)
  6 merfolk aquamancers (Shoals:4)
  34 dancing weapons
  4 death knights
  6 merfolk avatars
  16 two-headed ogres
  4 ironbound frosthearts
  2 deep troll earth magi
  5 death yaks (Lair:4)
  7 tengu warriors
  An orc high priest (Orc:1)
  20 naga warriors
  3 occultists
  2 deep troll shamans
  10 vampire magi
  7 shock serpents
  3 spriggan berserkers
  2 shock serpents (shapeshifter) (Vaults:5)
  14 hell knights
  4 naga sharpshooters
  13 deep elf knights
  4 soul eaters
  A storm dragon zombie (Crypt:2)
  9 salamander mystics
  2 shadow wraiths
  10 skysharks
  3 sixfirhies
  4 deep elf archers
  An iron troll (Depths:1)
  A bunyip zombie (Crypt:3)
  A fire crab (Lair:5)
  5 glowing orange brains
  42 skeletal warriors
  17 sea snakes
  2 shadow demons
  6 arcanists
  56 deep trolls
  10 mana vipers
  A bog body (Crypt:1)
  An anaconda zombie (Crypt:3)
  A tengu zombie (Vaults:4)
  4 flayed ghosts
  2 glowing orange brains (shapeshifter)
  16 ironbound convokers
  5 naga ritualists
  9 lindwurms
  18 phantasmal warriors
  12 thermic dynamos
  7 orc knights
  6 necromancers
  2 orc sorcerers (Orc:2)
  25 deep elf pyromancers
  16 deep elf zephyrmancers
  18 harpies
  A wolf spider (Lair:5)
  31 ugly things
  12 fauns
  A moth of wrath (shapeshifter) (Depths:1)
  5 cyclopes
  16 salamanders
  A cyclops (shapeshifter) (D:15)
  20 manticores
  12 moths of wrath
  An oklob plant (Lair:5)
  4 kobold blastminers
  A centaur zombie (Crypt:1)
  An iron dragon skeleton (Crypt:1)
  10 elephants
  A human skeleton (Vaults:4)
  15 naga magi
  An eye of devastation (shapeshifter) (Vaults:5)
  12 merfolk sirens
  6 torpor snails
  48 black mambas
  3 ice statues (IceCv)
  A black mamba (shapeshifter) (Vaults:4)
  An eye of devastation (Depths:2)
  18 vault sentinels
  9 guardian serpents
  26 cane toads
  A black draconian zombie (Crypt:2)
  2 water nymphs
  An orange demon (D:8)
  2 death yak zombies
  10 komodo dragons
  An efreet (D:13)
  A mana viper skeleton (Crypt:1)
  A kobold demonologist (D:8)
  20 yaktaurs
  A minotaur zombie (Gauntlet)
  A rime drake (Lair:3)
  11 tengu conjurers
  11 freezing wraiths
  An anaconda simulacrum (IceCv)
  A guardian mummy (Crypt:3)
  A green draconian skeleton (Crypt:2)
  A harpy zombie (Crypt:3)
  17 merfolk
  4 polar bears
  A queen bee (shapeshifter) (D:13)
  5 trolls
  A troll (shapeshifter) (D:13)
  4 tarantellas (Zot:3)
  Prince Ribbit (D:5)
  5 tyrant leeches
  An elf zombie (Vaults:4)
  Grinder (D:5)
  18 hornets
  A glass eye (Depths:3)
  9 wind drakes
  18 dream sheep
  An ettin zombie (Crypt:3)
  A human simulacrum (Vaults:4)
  9 snapping turtles
  2 shadows
  Sigmund (D:4)
  A spriggan (shapeshifter) (D:12)
  A vampire (D:12)
  16 wraiths
  A ynoxinul (D:13)
  12 spriggans
  9 wyverns
  3 air elementals
  46 yaks
  31 slime creatures
  A dire elephant simulacrum (IceCv)
  19 water elementals
  An ushabti (Crypt:3)
  9 basilisks
  2 steam dragons
  5 wargs
  5 fire elementals
  4 redbacks
  2 vampire mosquitoes (D:13)
  A death yak simulacrum (IceCv)
  A neqoxec (D:14)
  A deep troll zombie (Crypt:2)
  A redback simulacrum (D:15)
  27 nagas
  2 acid dragons
  Menkaure (D:4)
  A skyshark zombie (Crypt:1)
  31 water moccasins
  3 naga zombies (Crypt:3)
  Duvessa (D:4)
  A faun skeleton (Crypt:1)
  A swamp drake (Orc:1)
  An ice beast (D:7)
  43 orc warriors
  2 sky beasts
  4 centaurs
  19 wolves
  7 ogres
  4 laughing skulls (Crypt:2)
  4 boggarts (Vaults:4)
  An elf simulacrum (Vaults:4)
  A phantom (D:7)
  A vine stalker zombie (Crypt:2)
  10 kobold brigands
  5 bullfrogs
  3 gnoll sergeants
  An ogre simulacrum (Vaults:4)
  3 earth elementals
  A cane toad simulacrum (IceCv)
  5 scorpions
  7 wyvern skeletons (Crypt:3)
  16 wights
  Dowan (D:4)
  11 killer bees
  An elephant simulacrum (IceCv)
  A yak skeleton (Crypt:2)
  5 howler monkeys
  10 electric eels
  2 lava snakes (Snake:2)
  A wyvern simulacrum (D:8)
  22 orc priests
  2 bombardier beetles (D:5)
  A jelly (D:8)
  Crazy Yiuf (D:2)
  Jessica (D:2)
  Natasha (thrice) (D:2)
  2 iguanas
  A scorpion zombie (Crypt:1)
  A sleepcap (D:6)
  19 orc wizards
  3 wolf simulacra (IceCv)
  3 centaur simulacra
  A mummy (Crypt:3)
  19 gnolls
  An adder (D:3)
  10 shadow imps
  18 white imps
  2 ufetubi
  2 jelly zombies
  2 dart slugs
  2 ribbon worms
  82 orcs
  9 endoplasms
  2 giant cockroaches (D:2)
  19 goblins
  22 hobgoblins
  4 jackals (D:5)
  14 kobolds
  6 quokkas
  3 ball pythons (D:4)
  5 bats
  4 frilled lizards
  A hobgoblin skeleton (Crypt:1)
  7 rats
  2 river rat skeletons
2124 creatures vanquished.

Vanquished Creatures (collateral kills)
  Rupert (Orc:2)
  2 deep elf annihilators (Elf:3)
  Urug (Orc:2)
  2 merfolk (Shoals:2)
  2 orc warriors (Orc:2)
  An orc (Orc:2)
9 creatures vanquished.

Vanquished Creatures (others)
  A salamander tyrant (Snake:4)
  2 deep elf knights
  An orc knight (Orc:2)
  A deep elf pyromancer (Elf:1)
  2 kobolds
  33 spectral weapons
40 creatures vanquished.

Grand Total: 2173 creatures vanquished

Notes
Turn   | Place    | Note
-------+----------+-------------------------------------------
     0 | D:1      | ParallaxScroll the Coglin Berserker began the quest for the
                  | Orb.
     0 | D:1      | Reached XP level 1. HP: 18/18 MP: 1/1
   112 | D:1      | Reached XP level 2. HP: 6/24 MP: 2/2
   332 | D:1      | Reached XP level 3. HP: 29/29 MP: 3/3
   372 | D:1      | Reached ** piety under Trog
   637 | D:1      | Reached XP level 4. HP: 35/35 MP: 4/4
   888 | D:2      | Noticed Jessica
   897 | D:2      | Killed Jessica
   898 | D:2      | Reached skill level 5 in Axes
  1029 | D:2      | Reached XP level 5. HP: 24/41 MP: 5/5
  1636 | D:2      | Found a runed translucent door.
  1637 | D:2      | Noticed Crazy Yiuf
  1677 | D:2      | Noticed Natasha
  1686 | D:2      | Killed Natasha
  1733 | D:2      | Noticed Natasha
  1739 | D:2      | Killed Natasha
  1871 | D:2      | Killed Crazy Yiuf
  1872 | D:2      | Reached XP level 6. HP: 47/47 MP: 6/6
  1923 | D:2      | Noticed Natasha
  1931 | D:2      | Killed Natasha
  2236 | D:3      | Found an ornate altar of the Wu Jian Council.
  2244 | D:3      | Found a sparkling altar of Nemelex Xobeh.
  2246 | D:3      | Found a glowing golden altar of the Shining One.
  2246 | D:3      | Found a burning altar of Makhleb.
  2249 | D:3      | Found an opulent altar of Gozag.
  2252 | D:3      | Found a shimmering altar of Xom.
  2429 | D:3      | Found a faded altar of an unknown god.
  2492 | D:3      | Reached *** piety under Trog
  3049 | D:3      | Found a faded altar of an unknown god.
  3378 | D:3      | Found an ornate altar of the Wu Jian Council.
  3387 | D:3      | Found a sparkling altar of Nemelex Xobeh.
  3389 | D:3      | Found a glowing golden altar of the Shining One.
  3389 | D:3      | Found a burning altar of Makhleb.
  3392 | D:3      | Found an opulent altar of Gozag.
  3394 | D:3      | Found a shimmering altar of Xom.
  3563 | D:4      | Noticed Sigmund
  3575 | D:4      | Killed Sigmund
  3576 | D:4      | Reached skill level 5 in Fighting
  3576 | D:4      | Reached skill level 1 in Evocations
  3576 | D:4      | Reached XP level 7. HP: 56/56 MP: 7/7
  3701 | D:4      | Noticed Menkaure
  3715 | D:4      | Killed Menkaure
  4211 | D:4      | Noticed Duvessa
  4217 | D:4      | Killed Duvessa
  4218 | D:4      | Reached XP level 8. HP: 62/63 MP: 8/8
  4218 | D:4      | Noticed Dowan
  4230 | D:4      | Killed Dowan
  4289 | D:4      | Found a staircase to the Ecumenical Temple.
  4424 | D:5      | Entered Level 5 of the Dungeon
  4765 | D:5      | Found a bloodstained altar of Trog.
  4784 | D:5      | Found a shadowy altar of Dithmenos.
  4784 | D:5      | Found a white marble altar of Elyvilon.
  4784 | D:5      | Found a hide-covered altar of Uskayaw.
  4806 | D:5      | Noticed Grinder
  4818 | D:5      | Paralysed by Grinder for 2 turns
  4822 | D:5      | Killed Grinder
  4891 | D:5      | Found a broken altar of Ashenzari.
  4895 | D:5      | Found a hazy altar of Hepliaklqana.
  5010 | D:5      | Noticed Prince Ribbit
  5031 | D:5      | Killed Prince Ribbit
  5032 | D:5      | Reached skill level 5 in Evocations
  5032 | D:5      | Reached XP level 9. HP: 48/71 MP: 9/9
  6005 | D:6      | Reached skill level 1 in Throwing
  6662 | D:7      | Found a flagged portal.
  6671 | Bailey   | Entered a bailey
  6725 | Bailey   | Reached **** piety under Trog
  6849 | Bailey   | Reached skill level 5 in Armour
  7038 | Bailey   | Noticed an orc knight
  7058 | Bailey   | Killed an orc knight
  7059 | Bailey   | Reached skill level 10 in Axes
  7059 | Bailey   | Reached XP level 10. HP: 80/80 MP: 10/10
  7435 | Bailey   | Noticed an orc knight
  7462 | Bailey   | Killed an orc knight
  7681 | Bailey   | Noticed an orc warlord
  7708 | Bailey   | Killed an orc warlord
  7816 | D:7      | Acquired the +1 pair of gloves of the Gloaming {Will+
                  | Slay+6}
  9185 | D:8      | Found a runed translucent gate.
  9185 | D:8      | Found a runed translucent gate.
  9186 | D:8      | Found a runed translucent gate.
  9186 | D:8      | Noticed a kobold demonologist
  9186 | D:8      | Noticed Autsider's ghost (novice NaAl)
  9211 | D:8      | Reached XP level 11. HP: 86/86 MP: 11/11
  9541 | D:8      | Acquired a +3 broad axe of electrocution
 10615 | D:9      | Noticed a two-headed ogre
 10621 | D:9      | Killed a two-headed ogre
 11199 | D:9      | Found Mewevoin's Book Emporium.
 11322 | D:9      | Identified the +12 spear "Testudine's Doom" {flame, rN+}
 11343 | D:9      | Paralysed by a hornet for 3 turns
 11569 | D:9      | Found Mewevoin's Book Emporium.
 11817 | D:10     | Entered Level 10 of the Dungeon
 12152 | D:10     | Found a staircase to the Lair.
 12948 | D:10     | Found a staircase to the Orcish Mines.
 13313 | D:10     | Found a staircase to the Orcish Mines.
 13510 | D:10     | Found a staircase to the Lair.
 13721 | D:11     | Noticed a manticore
 13726 | D:11     | Killed a manticore
 13768 | D:11     | Noticed a two-headed ogre
 13772 | D:11     | Killed a two-headed ogre
 14088 | D:11     | Noticed a white ugly thing
 14096 | D:11     | Killed a white ugly thing
 14122 | D:11     | Reached XP level 12. HP: 92/95 MP: 12/12
 14345 | D:11     | Reached skill level 15 in Axes
 14606 | D:11     | Found Lyfiavak's Assorted Antiques.
 14612 | D:11     | Bought a scroll labelled IVID YCSED for 20 gold pieces
 14612 | D:11     | Bought a silver wand for 80 gold pieces
 14612 | D:11     | Bought a pair of boots for 90 gold pieces
 14617 | D:11     | Bought 2 scrolls of identify for 80 gold pieces
 14617 | D:11     | Bought a scroll of identify for 40 gold pieces
 14866 | D:12     | Found an iron altar of Okawaru.
 15925 | D:13     | Found a gate to the Vaults.
 15925 | D:13     | Noticed a vault guard
 15925 | D:13     | Noticed a vault guard
 15925 | D:13     | Noticed a vault guard
 15926 | D:13     | Noticed a vault guard
 16120 | Lair:1   | Entered Level 1 of the Lair of Beasts
 17531 | Lair:2   | Noticed a skyshark
 17536 | Lair:2   | Killed a skyshark
 17591 | Lair:2   | Reached skill level 10 in Fighting
 17592 | Lair:2   | Reached ***** piety under Trog
 17634 | Lair:2   | Noticed a six-headed hydra
 17807 | Lair:2   | Killed a six-headed hydra
 17808 | Lair:2   | Reached skill level 5 in Dodging
 18229 | Lair:2   | Noticed an eight-headed hydra
 18240 | Lair:2   | Killed an eight-headed hydra
 18241 | Lair:2   | Reached XP level 13. HP: 79/103 MP: 13/13
 18509 | Lair:3   | Found a frozen archway.
 18550 | IceCv    | Entered an ice cave
 19078 | Lair:3   | Received a gift from Trog
 19898 | Lair:3   | Reached skill level 10 in Armour
 20076 | Lair:3   | Found a staircase to the Snake Pit.
 20322 | Lair:3   | Found a staircase to the Shoals.
 21058 | Lair:3   | Reached skill level 10 in Evocations
 21601 | Lair:4   | Reached XP level 14. HP: 113/113 MP: 14/14
 21603 | Lair:4   | Acquired a N-30 geomatrix {RevParry, rPois rCorr Slay+3}
 21889 | Lair:4   | Reached skill level 5 in Throwing
 22306 | Lair:5   | Entered Level 5 of the Lair of Beasts
 22354 | Lair:5   | Found a gate leading to a gauntlet.
 22376 | Gauntlet | Entered a Gauntlet
 22376 | Gauntlet | Found a transporter.
 22376 | Gauntlet | Found a transporter.
 22390 | Gauntlet | Found a transporter.
 22390 | Gauntlet | Found a transporter.
 22399 | Gauntlet | Found a transporter.
 22424 | Gauntlet | Found a transporter.
 22428 | Gauntlet | Found a transporter.
 22428 | Gauntlet | Found a transporter.
 22452 | Gauntlet | Found a transporter.
 22459 | Gauntlet | Found a transporter.
 22473 | Gauntlet | Found a transporter.
 22513 | Gauntlet | Found a transporter.
 22527 | Gauntlet | Found a transporter.
 22543 | Gauntlet | Found a transporter.
 22646 | Gauntlet | Found a transporter.
 22660 | Gauntlet | Found a transporter.
 23163 | Lair:5   | Found a staircase to the Slime Pits.
 23252 | Lair:5   | Received a gift from Trog
 23262 | Lair:5   | Found a bloodstained altar of Trog.
 23264 | Lair:5   | Noticed Bokken's ghost (journeyman TeAE)
 23269 | Lair:5   | Found a transporter.
 23293 | Lair:5   | Found a burning altar of Makhleb.
 23566 | Lair:5   | Identified the +1 sling "Enifof" {drain, Dex+3 Stlth+}
 24014 | Lair:5   | Found a transporter.
 24318 | Lair:5   | Found a viscous altar of Jiyva.
 24786 | Lair:5   | Reached XP level 15. HP: 115/123 MP: 15/15
 24978 | Lair:5   | Received a gift from Trog
 25715 | D:8      | Killed Autsider's ghost
 25852 | Orc:1    | Entered Level 1 of the Orcish Mines
 25853 | Orc:1    | Found a roughly hewn altar of Beogh.
 25858 | Orc:1    | Noticed Erolcha
 25874 | Orc:1    | Killed Erolcha
 25930 | Orc:1    | Noticed Maurice
 25986 | Orc:1    | Maurice changed into Maurice the swamp drake
 25986 | Orc:1    | Noticed Maurice
 25993 | Orc:1    | Killed Maurice the swamp drake
 26709 | Orc:2    | Entered Level 2 of the Orcish Mines
 26709 | Orc:2    | Found Laebae's Jewellery Shop.
 26710 | Orc:2    | Found a staircase to the Elven Halls.
 26830 | Orc:2    | Noticed Urug
 26837 | Orc:2    | Killed Urug
 26949 | Orc:2    | Noticed an orc warlord
 26978 | Orc:2    | Received a gift from Trog
 27069 | Orc:1    | Killed an orc warlord
 27184 | Orc:1    | Found a roughly hewn altar of Beogh.
 28017 | Orc:2    | Found a roughly hewn altar of Beogh.
 28052 | Orc:2    | Noticed Rupert
 28060 | Orc:2    | Killed Rupert
 28601 | Orc:2    | Found a roughly hewn altar of Beogh.
 28606 | Orc:2    | Found Faekhlac's General Store.
 28621 | Orc:2    | Found Uvapraj's Book Shoppe.
 28647 | Orc:2    | Found Jotwebu's Antique Armour Shoppe.
 28662 | Orc:2    | Found Ihesuu's Antique Weapon Shoppe.
 28750 | Orc:2    | Bought a scroll of blinking for 135 gold pieces
 28766 | Orc:2    | Bought a manual of Armour for 880 gold pieces
 29126 | D:12     | Identified the +8 hand axe of Pisidghasch {flame, rPois rF-
                  | rC- Will+++} (Trog gifted it to you on level 12 of the
                  | Dungeon)
 29126 | D:12     | Received a gift from Trog
 29563 | D:13     | Noticed Jorgrun
 29573 | D:13     | Killed Jorgrun
 30107 | D:13     | Found a gate to the Vaults.
 30912 | Shoals:1 | Entered Level 1 of the Shoals
 30979 | Shoals:1 | Reached XP level 16. HP: 130/130 MP: 16/16
 32496 | Shoals:2 | Noticed Ilsuiw
 32567 | Shoals:2 | Killed Ilsuiw
 33635 | Shoals:3 | Found a flickering gateway to a bazaar.
 33651 | Bazaar   | Entered a bazaar
 33651 | Bazaar   | Found Igiarala's Antique Weapon Boutique.
 33718 | Bazaar   | Found Kyonozog's Book Emporium.
 33729 | Bazaar   | Found Ewnassoa's General Store.
 33740 | Bazaar   | Found Irinwuink's Distillery.
 33748 | Bazaar   | Found Iruamp's Antique Armour Shoppe.
 33786 | Bazaar   | Bought a manual of Dodging for 800 gold pieces
 33808 | Bazaar   | Bought a potion of might for 48 gold pieces
 33808 | Bazaar   | Bought a potion of cancellation for 96 gold pieces
 33808 | Bazaar   | Bought 2 potions of enlightenment for 120 gold pieces
 33808 | Bazaar   | Bought a potion of curing for 36 gold pieces
 33808 | Bazaar   | Bought a potion of curing for 36 gold pieces
 33819 | Bazaar   | Bought a scroll of blinking for 82 gold pieces
 33819 | Bazaar   | Bought a scroll of enchant weapon for 82 gold pieces
 34124 | Shoals:3 | Found a large runed translucent door.
 34124 | Shoals:3 | Found a large runed translucent door.
 34306 | Shoals:3 | Noticed Konar's ghost (adept CoHu)
 34552 | Shoals:3 | Noticed Nikola
 34563 | Shoals:3 | Killed Nikola
 34564 | Shoals:3 | Reached skill level 10 in Dodging
 34656 | Shoals:3 | Killed Konar's ghost
 34757 | Shoals:4 | Entered Level 4 of the Shoals
 35048 | Shoals:4 | Reached XP level 17. HP: 136/136 MP: 17/17
 35258 | Shoals:4 | Received a gift from Trog
 35470 | Shoals:4 | Reached skill level 15 in Armour
 36292 | Shoals:4 | Got a barnacled rune of Zot
 36907 | Snake:1  | Entered Level 1 of the Snake Pit
 36911 | Snake:1  | Found Ypsew's Distillery.
 36996 | Snake:1  | Reached ****** piety under Trog
 37004 | Snake:1  | Bought a potion of might for 52 gold pieces
 37004 | Snake:1  | Bought a potion of might for 52 gold pieces
 37540 | Snake:1  | Received a gift from Trog
 37697 | Snake:1  | Found a hide-covered altar of Uskayaw.
 39337 | Snake:1  | Found Ypsew's Distillery.
 39678 | Snake:1  | Found a hide-covered altar of Uskayaw.
 40576 | Snake:2  | Reached XP level 18. HP: 107/144 MP: 18/18
 40856 | Snake:2  | Found a runed translucent door.
 40856 | Snake:2  | Noticed Lurud's ghost (journeyman DrSh)
 40863 | Snake:2  | Killed Lurud's ghost
 40947 | Snake:2  | Found Nirr's Jewellery Emporium.
 40948 | Snake:2  | Found Umur Xij's Book Boutique.
 40949 | Snake:2  | Found Miups's Jewellery Emporium.
 40971 | Snake:2  | Found Joxkotem's Magic Scroll Shoppe.
 40980 | Snake:2  | Bought a scroll of blinking for 97 gold pieces
 41697 | Snake:3  | Reached skill level 15 in Evocations
 41698 | Snake:3  | Received a gift from Trog
 43024 | Snake:4  | Entered Level 4 of the Snake Pit
 43045 | Snake:4  | Found Aluitoaf's Book Shop.
 43284 | Snake:4  | Found Coruc's Assorted Antiques.
 43480 | Snake:4  | Found a flickering gateway to a bazaar.
 43516 | Bazaar   | Entered a bazaar
 43516 | Bazaar   | Found Qysuewah's Antique Weapon Shoppe.
 43516 | Bazaar   | Found Dunguhoj's General Store.
 43516 | Bazaar   | Found Buxith's Jewellery Emporium.
 43634 | Bazaar   | Found Metuf's Assorted Antiques.
 43648 | Bazaar   | Bought an ancient broad axe for 261 gold pieces
 43648 | Bazaar   | Identified the +4 broad axe "Cenoeranli" {speed, Int+7
                  | SInv} (You bought it in a shop in a bazaar)
 43651 | Bazaar   | Bought a potion of invisibility for 104 gold pieces
 44309 | Snake:4  | Reached skill level 15 in Fighting
 44347 | Snake:4  | Acquired a manual of Throwing
 44867 | Snake:4  | Reached skill level 10 in Throwing
 45787 | Snake:4  | Reached XP level 19. HP: 155/155 MP: 19/19
 45918 | Snake:4  | Received a gift from Trog
 46198 | Snake:4  | Got a serpentine rune of Zot
 46698 | D:14     | Found a stormy altar of Qazlal.
 47140 | D:14     | Identified the +3 ring mail "Dena Yra" {rC+ Dex+3 Stlth+}
 47631 | D:14     | Found a stormy altar of Qazlal.
 48016 | D:15     | Entered Level 15 of the Dungeon
 48325 | D:15     | Found a staircase to the Depths.
 48840 | D:15     | Received a gift from Trog
 48928 | D:15     | Noticed Josephine
 48935 | D:15     | Killed Josephine
 49613 | Vaults:1 | Entered Level 1 of the Vaults
 50673 | Vaults:1 | Identified the +7 arbalest "Hupn" {freeze, +Blink Fly rC-
                  | rN+}
 50749 | Vaults:1 | Found the +1 robe of Vines {NoPotionHeal Regen++++}
 50756 | Vaults:1 | Identified the +0 hat of Absence {+Blink rElec Str+6 Int-3}
 50769 | Vaults:1 | Identified the +0 robe of the Quahog {rC+ Str+3 Slay+3
                  | Archmagi}
 50776 | Vaults:1 | Found a radiant altar of Vehumet.
 50785 | Vaults:1 | Identified the +2 robe "Raegroni" {Fly rF- Dex+8 Slay-2}
 51017 | Vaults:1 | You fall into a shaft and drop 1 floor!
 51026 | Vaults:2 | Received a gift from Trog
 51390 | Vaults:1 | Identified the +1 cloak "Qott" {+Inv rPois Will+ Dex-4}
 51908 | Vaults:2 | Reached XP level 20. HP: 168/168 MP: 20/20
 52529 | Vaults:2 | Received a gift from Trog
 53210 | Vaults:2 | Found Peleph's Weapon Emporium.
 53811 | Vaults:3 | Found a staircase to the Crypt.
 53993 | Vaults:3 | Received a gift from Trog
 54065 | Vaults:3 | Identified the +3 robe of Beyond {Harm Rampage rCorr Str-2}
 54065 | Vaults:3 | Noticed Boris
 54081 | Vaults:3 | Killed Boris
 54957 | Vaults:3 | Received a gift from Trog
 55283 | Vaults:3 | Found Hanlawid's Weapon Emporium.
 55360 | Vaults:4 | Reached XP level 21. HP: 177/184 MP: 21/21
 56362 | Vaults:4 | Received a gift from Trog
 56987 | Depths:1 | Entered Level 1 of the Depths
 58062 | Depths:1 | Found a runed translucent gate.
 58062 | Depths:1 | Found a runed translucent gate.
 58143 | Depths:1 | Noticed a juggernaut
 58151 | Depths:1 | Killed a juggernaut
 58220 | Depths:1 | Found a gateway to Hell.
 58404 | Depths:1 | Noticed ILmort's ghost (legendary TeAE)
 58404 | Depths:1 | You fall into a shaft and drop 1 floor!
 58417 | Depths:1 | Found a runed translucent gate.
 58423 | Depths:1 | Noticed Gaexku's ghost (veteran DrSh)
 58818 | Depths:2 | Received a gift from Trog
 59210 | Depths:2 | Reached skill level 15 in Dodging
 59811 | Depths:2 | Found Lowkutz's Magic Scroll Shoppe.
 59817 | Depths:2 | Bought a scroll of acquirement for 832 gold pieces
 59817 | Depths:2 | Acquired 993 gold pieces
 59849 | Depths:2 | Found Durorgha's General Store.
 59879 | Depths:2 | Acquired 879 gold pieces
 59900 | Depths:2 | Reached XP level 22. HP: 172/194 MP: 22/22
 60019 | Depths:2 | Found a one-way gate leading to the halls of Pandemonium.
 60248 | Depths:2 | Found Yne Mex's Jewellery Emporium.
 60460 | Depths:3 | Reached skill level 15 in Throwing
 60617 | Depths:3 | Noticed Parghit
 60636 | Depths:3 | Noticed Vv
 61105 | Depths:3 | Noticed Margery
 61121 | Depths:3 | Killed Margery
 61599 | Depths:3 | Noticed Grunn
 61605 | Depths:3 | Killed Grunn
 61699 | Depths:3 | Killed Vv
 62124 | Depths:3 | Noticed Jory
 62132 | Depths:3 | Killed Jory
 62265 | Depths:3 | Noticed a caustic shrike
 62271 | Depths:3 | Killed a caustic shrike
 62277 | Depths:3 | Received a gift from Trog
 62481 | Depths:3 | Noticed a juggernaut
 62484 | Depths:3 | Killed a juggernaut
 62655 | Depths:3 | Killed Parghit
 64121 | Depths:3 | Found a one-way gate to the infinite horrors of the Abyss.
 64245 | Depths:3 | Upgraded the game from 0.32-a0-933-ga8fa3634e4 to
                  | 0.32-a0-938-g40ac7a0f4d
 64314 | Depths:4 | Entered Level 4 of the Depths
 64320 | Depths:4 | Found a one-way gateway to a ziggurat.
 65752 | Elf:1    | Entered Level 1 of the Elven Halls
 66235 | Elf:1    | Found Weos's Armour Shoppe.
 66414 | Elf:1    | Received a gift from Trog
 67298 | Elf:2    | Paralysed by an air elemental for 1 turns
 67318 | Elf:2    | Noticed Saint Roka
 67349 | Elf:2    | Killed Saint Roka
 67350 | Elf:2    | Reached XP level 23. HP: 173/202 MP: 23/23
 67979 | Elf:2    | Found a runed translucent gate.
 67980 | Elf:2    | Found a runed translucent gate.
 67980 | Elf:2    | Found a runed translucent gate.
 68147 | Elf:2    | Received a gift from Trog
 69347 | Elf:2    | Identified the blade talisman "Juizykh" {Dex+4}
 69474 | Elf:3    | Entered Level 3 of the Elven Halls
 69475 | Elf:3    | Found Ynoydov's Weapon Shoppe.
 70474 | Elf:3    | Received a gift from Trog
 70493 | Elf:3    | Found Ynoydov's Weapon Shoppe.
 71020 | Elf:3    | Found Ynoydov's Weapon Shoppe.
 71232 | Elf:3    | Identified the +2 robe "Cacaqesh" {Int+7 Stlth-}
 71559 | Elf:3    | Found Ynoydov's Weapon Shoppe.
 71983 | Elf:3    | Found Ynoydov's Weapon Shoppe.
 72347 | Elf:3    | Found Ynoydov's Weapon Shoppe.
 72513 | Elf:3    | Identified the ring "Tiomuy" {rC+ MP+9 Str+3 Dex+3}
 72710 | Elf:3    | Found Ynoydov's Weapon Shoppe.
 73421 | Elf:3    | Found the +0 pair of fencer's gloves {Riposte Dex+3}
 73491 | Elf:3    | Bought 6 silver javelins for 702 gold pieces
 73762 | Crypt:1  | Entered Level 1 of the Crypt
 74590 | Crypt:1  | Received a gift from Trog
 74724 | Crypt:1  | Reached XP level 24. HP: 191/210 MP: 23/23
 75899 | Crypt:2  | Identified the +1 ring mail of the Hanged Man {Rampage rN+
                  | Str+3 Dex-2 SInv}
 76244 | Crypt:2  | Noticed Mennas
 76261 | Crypt:2  | Killed Mennas
 76761 | Crypt:3  | Entered Level 3 of the Crypt
 77241 | Crypt:3  | Identified the +12 war axe of Enut {antimagic, rN+ Dex+2}
                  | (Trog gifted it to you on level 3 of the Crypt)
 77241 | Crypt:3  | Received a gift from Trog
 78006 | Crypt:3  | Noticed a royal mummy
 78013 | Crypt:3  | Found a staircase to the Tomb.
 78017 | Crypt:3  | Killed a royal mummy
 78644 | Crypt:3  | Identified the ring "Xefekk" {Fly rPois}
 79123 | Crypt:3  | Identified the +0 bardiche of Terra Cotta {freeze, ^Fragile
                  | Str+4}
 79444 | Crypt:3  | Found a staircase to the Tomb.
 80157 | Crypt:3  | Found a staircase to the Tomb.
 80598 | Crypt:3  | Found a basalt altar of Yredelemnul.
 81553 | Lair:5   | Killed Bokken's ghost
 81554 | Lair:5   | Received a gift from Trog
 82317 | Vaults:5 | Entered Level 5 of the Vaults
 82607 | Vaults:5 | Reached XP level 25. HP: 130/216 MP: 23/23
 82709 | Vaults:5 | Identified the +3 morningstar of Hin Lymi {speed, rPois
                  | Dex+2 SInv}
 83116 | Vaults:5 | Noticed an ancient lich
 83150 | Vaults:5 | Killed an ancient lich
 83195 | Vaults:5 | Received a gift from Trog
 83706 | Vaults:5 | Received a gift from Trog
 83713 | Vaults:5 | Identified the +0 pair of boots "Noytui" {*Slow rF+ Int+2}
 83874 | Vaults:5 | Identified the ring of Rooshocw {+Blink MP+9 AC+4 Int+4}
 84341 | Vaults:5 | Got a silver rune of Zot
 84357 | Vaults:5 | Identified the +1 scale mail "Rorgh" {Rampage}
 85056 | Snake:4  | Bought a potion of might for 132 gold pieces
 85056 | Snake:4  | Bought a potion of haste for 330 gold pieces
 85056 | Snake:4  | Bought a potion of heal wounds for 165 gold pieces
 85153 | Snake:1  | Bought a potion of mutation for 104 gold pieces
 85156 | Snake:1  | Bought a potion of lignification for 39 gold pieces
 85156 | Snake:1  | Bought a potion of ambrosia for 104 gold pieces
 85156 | Snake:1  | Bought a potion of ambrosia for 104 gold pieces
 85156 | Snake:1  | Bought a potion of ambrosia for 104 gold pieces
 86194 | Depths:4 | Found a gate to the Realm of Zot.
 86441 | Zot:1    | Entered Level 1 of the Realm of Zot
 87097 | Zot:3    | Noticed a dread lich
 87098 | Zot:3    | Found a transporter.
 87134 | Zot:3    | Noticed an orb of fire
 87158 | Zot:3    | Received a gift from Trog
 87385 | Zot:4    | Reached XP level 26. HP: 181/229 MP: 23/23
 87703 | Zot:5    | Entered Level 5 of the Realm of Zot
 88166 | Zot:5    | Noticed a Killer Klown
 88171 | Zot:5    | Killed a Killer Klown
 88311 | Zot:5    | Noticed a dread lich
 88323 | Zot:5    | Killed a dread lich
 88348 | Zot:5    | Noticed an orb of fire
 88351 | Zot:5    | Gained mutation: You have hidden genetic defects. [an orb
                  | of fire]
 88358 | Zot:5    | Gained mutation: Your magical capacity is low. (-10% MP)
                  | [an orb of fire]
 88360 | Zot:5    | Killed an orb of fire
 88386 | Zot:5    | Lost mutation: Your magical capacity is low. (-10% MP)
                  | [potion of mutation]
 88386 | Zot:5    | Lost mutation: You have hidden genetic defects. [potion of
                  | mutation]
 88386 | Zot:5    | Gained mutation: Your flesh is cold resistant. (rC+)
                  | [potion of mutation]
 88386 | Zot:5    | Gained mutation: You occasionally shout uncontrollably at
                  | your foes. [potion of mutation]
 88386 | Zot:5    | Gained mutation: You are weak. (Str -2) [potion of
                  | mutation]
 88386 | Zot:5    | Gained mutation: You are partially covered in iridescent
                  | scales. (AC +2) [potion of mutation]
 88705 | Zot:5    | Noticed an orb of fire
 88711 | Zot:5    | Killed an orb of fire
 88851 | Zot:5    | Noticed an orb of fire
 88861 | Zot:5    | Killed an orb of fire
 89034 | Zot:5    | Noticed an orb of fire
 89041 | Zot:5    | Killed an orb of fire
 89259 | Zot:5    | Noticed an orb of fire
 89267 | Zot:5    | Killed an orb of fire
 89268 | Zot:5    | Noticed a Killer Klown
 89277 | Zot:5    | Killed a Killer Klown
 89461 | Zot:5    | Noticed a Killer Klown
 89474 | Zot:5    | Killed a Killer Klown
 89600 | Zot:5    | Noticed a dread lich
 89619 | Zot:5    | Killed a dread lich
 90081 | Zot:5    | Got the Orb of Zot
 90579 | D:8      | Received a gift from Trog
 90732 | D:$      | Escaped with the Orb!

Illustrated notes

Levels and vault maps discovered:
D:1:      amcnicky_arrival_gap_in_the_tavern_cellar, layout_rooms,
          minmay_misc_feat_roman, minmay_vboxes
D:2:      layout_basic, chequers_arboretum, uniq_jessica, uniq_natasha,
          uniq_crazy_yiuf_cottage
D:3:      layout_loops_ring, minitemple, shapermc_ecumenical_altar_rom_forum,
          minivault_14
D:4:      layout_gridville, minmay_temple_entry_nine_rooms, serial_bayou_pond_d,
          uniq_menkaure, uniq_sigmund, uniq_duvessa
D:5:      layout_loops_ring, minmay_overflow_temple_hex, uniq_grinder,
          uniq_prince_ribbit1
D:6:      layout_basic, serial_demonic, serial_demonic_d, serial_demonic_f,
          serial_demonic_e, serial_demonic_c
D:7:      layout_basic, enter_bailey_5, minmay_joined_circles
D:8:      layout_layer_cave, gammafunk_ghost_nasty_kobolds, serial_ice,
          serial_ice_l, serial_ice_h, serial_ice_o, serial_ice_d,
          chequers_serial_rivers_micro_b, water_maze_lemuel
D:9:      layout_big_octagon, kennysheep_windowed_goal
D:10:     layout_loops_ring, lair_entry_dummy, erik_orc_2
D:11:     layout_loops_ring, serial_shops, kennysheep_little_box
D:12:     layout_basic, okawaru_trees_1
D:13:     layout_irregular_city, lightli_vaults_fourway_checkpoint, uniq_jorgrun
D:14:     layout_cave_pods, grunt_qazlal_clouds
D:15:     hangedman_depths_entry_civil_slaughter, layout_basic,
          chequers_serial_rivers_micro_c, minivault_20, kennysheep_four_rooms,
          uniq_josephine
Lair:1:   layout_regular_city, serial_bayou_lagoon_b
Lair:2:   layout_hall_layers, st_stairs_10, infiniplex_staircase_pool_2,
          serial_bayou_shore_b, grunt_megastairs_3
Lair:3:   layout_roguey, minmay_shoals_entry_hut,
          minmay_snake_entry_six_corridors, portal_ice_cave_entry_imps,
          chequers_serial_rivers_large_a
Lair:4:   layout_cave_pods, serial_bayou, serial_bayou_ford_a,
          serial_bayou_pond_a, serial_bayou_pond_e, serial_bayou_shore_b
Lair:5:   wormcave, layout_regular_city, hangedman_lair_tendril_chambers,
          minmay_slime_entry_oklob_open, basic_altar,
          gammafunk_ghost_wrathful_warriors, gauntlet_entry_generic,
          nicolae_quartered_pool_impasse, serial_bayou_pond_a
Shoals:1: layout_shoals
Shoals:2: layout_shoals, uniq_ilsuiw
Shoals:3: layout_shoals, ebering_ghost_disaster_area, serial_shops,
          bzr_entry_road, uniq_nikola
Shoals:4: shoals_end_simple, layout_shoals, nicolae_shoals_former_cling_halls
Snake:1:  layout_layer_cave, serial_shops, nicolae_diamond_shop, basic_altar,
          serial_bayou_pond_c, grunt_ministairs_1, serial_bayou_pond_b,
          hangedman_snake_sidewinding
Snake:2:  layout_rooms, gammafunk_ghost_grave, serial_shops, shop,
          nicolae_snake_salamander_fort, minmay_shop_grove
Snake:3:  layout_basic, serial_bayou, serial_bayou_pond_e, serial_bayou_pond_c,
          serial_bayou_lagoon_a, serial_bayou_shore_a, minmay_snake_pond
Snake:4:  snake_pit_salamanders_mu, layout_chambers, serial_shops,
          bzr_entry_gold, minmay_shop_star
Orc:1:    layout_caves, mines1_david, uniq_erolcha, uniq_maurice
Orc:2:    grunt_orc_cross, layout_diamond_mine, serial_shops, shop_fountains,
          basic_altar, mines5_lemuel, uniq_rupert
Elf:1:    layout_onion_city, serial_shops, nicolae_shop_hallway_plus,
          regret_index_elf_centigrade
Elf:2:    nicolae_elf_blades_crystal_corner, layout_loops_corners,
          uniq_saint_roka
Elf:3:    minmay_elf_hall_golems, layout_loops_cross, serial_shops,
          nicolae_shop_scrapyard
Vaults:1: ontoclasm_vaults_misaligned,
          nicolae_vaults_variable_pillar_hall_cross, v_misc_13,
          ontoclasm_vaults_chip, nicolae_vaults_offset_grid_hallway_3,
          nicolae_vaults_rhombus_5, grunt_tower_of_power,
          nicolae_vaults_big_angled_halls, nicolae_vaults_tetromino_Z_1,
          v_misc_23, nicolae_vaults_trapezoid_lopsided_3,
          ontoclasm_vaults_pinch, nicolae_vaults_tetromino_Z_1,
          layout_vaults_omnibox
Vaults:2: st_more_cells, nicolae_vaults_ring_of_whatevers,
          nicolae_vaults_mitosis, vaults_room_semicircle,
          hangedman_vaults_stagger, nicolae_vaults_cochlea,
          nicolae_vaults_border_crossing, nicolae_vaults_theta,
          vaults_dpeg_emergency_exit, vaults_room_door_hall,
          layout_vaults_big_room, serial_shops, shop
Vaults:3: v_misc_4, v_misc_15, nicolae_vaults_turnstiles,
          nicolae_vaults_stairing_the_circle, nicolae_vaults_sealed_display,
          nicolae_vaults_hexular_roomagon, minmay_crypt_entry_simple_corners,
          hangedman_vaults_trim, layout_vaults_omnigrid, serial_shops, shop,
          uniq_boris
Vaults:4: nicolae_vaults_rhombus_7, v_pattern_3, v_alt_pattern_1,
          nicolae_vaults_big_ls, nicolae_vaults_oval_intersection, v_misc_24,
          vaults_standard_mumra_x, nicolae_vaults_murder_corner,
          vaults_room_corners, grunt_vaults_diagonal, grunt_vaults_focal,
          layout_vaults_omnicross
Vaults:5
Crypt:1:  layout_gridlike, grunt_crypt_arrival_webbed, grunt_megastairs_4
Crypt:2:  layout_chaotic_city, uniq_mennas
Crypt:3:  evilmike_haunted_forest
Depths:1: layout_cave_shapes, gammafunk_ghost_cemetery,
          chequers_serial_rivers_room_a, grunt_hell_entry_dis_grunt,
          kennysheep_generic_room_8
Depths:2: minmay_inside_and_out, layout_honeycomb, kennysheep_small_spiral,
          hell_entry, pan_entry, serial_shops, shop, nicolae_shop_peninsula,
          shop_statue, infiniplex_staircase_diamond, firewood_loft
Depths:3: kennysheep_oblong_rooms, layout_cave_shapes, abyss_entry,
          nicolae_figureground_pulse, rand_demon_pan_entry_8, hell_entry,
          nicolae_titane, uniq_grunn, uniq_jory, uniq_margery, uniq_parghit,
          uniq_vv
Depths:4: evilmike_zot_entry_argh, layout_basic, enter_ziggurat_c,
          serial_corexii_hall, corexii_hall_statues_x, corexii_hall_statues_i,
          corexii_hall_statues_t, corexii_hall_statues_i,
          chequers_hall_statues_corner_a, corexii_hall_statues_deadend,
          pf_hell_entry_tar_river, moated_statue, uniq_josephina
Zot:1:    layout_concentric_octagons, skrybe_zot_glass_3, grunt_ministairs_12,
          nicolae_diode_basic
Zot:2:    hangedman_zot_vaults_quadrants, layout_onion_interference,
          st_large_dragon_hoard_4
Zot:3:    gammafunk_the_bubble [the_bubble_gammafunk_crates],
          layout_twisted_circle, regret_index_zotdec_gossamer_gf,
          zot_minivault_7
Zot:4:    layout_basic, nicolae_diode_quadrants
Zot:5:    layout_misc_corridors

Skill      XL: |  1  2  3  4  5  6  7  8  9 10 11 12 13 14 15 16 17 18 19 20 21 22 23 24 25 26 |
---------------+-------------------------------------------------------------------------------+-----
Axes           | 4 5 6 7 8 10 12 14 15 17 18 19 20 | 20.0
Armour         | 3 4 5 6 8 10 11 14 17 18 20 21 22 | 22.0
Fighting       | 5 6 8 9 10 11 13 15 17 20 21 23 24 | 24.5
Evocations     | 1 3 5 6 7 11 12 14 16 19 21 23 24 | 24.0
Dodging        | 2 3 6 7 11 13 14 15 | 15.0
Throwing       | 1 2 4 6 7 8 11 14 16 18 | 18.0

Action                     |  1- 3 |  4- 6 |  7- 9 | 10-12 | 13-15 | 16-18 | 19-21 | 22-24 | 25-27 || total
---------------------------+-------+-------+-------+-------+-------+-------+-------+-------+-------++-------
  Melee: Hand axe          |    61 |    44 |       |       |       |       |       |       |       ||   105
         Dagger            |    18 |    45 |       |       |       |       |       |       |       ||    63
         Whip              |    24 |       |       |       |       |       |       |       |       ||    24
         Spear             |    24 |     8 |       |    17 |   361 |       |       |       |       ||   410
         War axe           |       |    59 |   209 |   200 |       |       |       |       |       ||   468
         Morningstar       |       |     8 |   145 |       |       |       |       |       |       ||   153
         Trident           |       |       |       |   200 |   539 |       |       |       |       ||   739
         Broad axe         |       |       |       |   155 |   363 |  1112 |  1258 |  1711 |   840 ||  5439
   Fire: Arbalest          |       |       |       |       |       |       |       |     3 |       ||     3
  Throw: Stone             |       |     3 |    29 |    18 |       |       |       |       |       ||    50
         Dart              |       |       |     4 |    32 |    17 |    11 |     4 |     1 |       ||    69
         Boomerang         |       |       |       |     7 |     6 |    22 |     1 |    17 |     6 ||    59
         Javelin           |       |       |       |       |       |       |     2 |     3 |    38 ||    43
 Invoke: Berserk           |       |     4 |     6 |     8 |     4 |       |       |     2 |       ||    24
         Trog's Hand       |       |     1 |     2 |     4 |     8 |     5 |       |     8 |     2 ||    30
         Brothers in Arms  |       |       |       |     1 |     1 |     1 |       |     2 |       ||     5
Ability: Invent Gizmo      |       |       |       |       |     1 |       |       |       |       ||     1
  Evoke: Wand              |       |     3 |    20 |    11 |     8 |    10 |     1 |    10 |    13 ||    76
         Lightning rod     |       |       |       |       |     2 |       |       |       |       ||     2
         Gell's gravitambo |       |       |       |       |       |       |       |     1 |       ||     1
    Use: Scroll            |       |     4 |     4 |    23 |    15 |    12 |     6 |    10 |     2 ||    76
         Potion            |       |       |       |       |       |     2 |       |     1 |     7 ||    10
   Stab: Sleeping          |     1 |       |       |       |       |       |     3 |       |       ||     4
         Distracted        |       |       |       |       |     2 |     9 |     9 |    16 |     7 ||    43
 Armour: Animal skin       |    23 |       |       |       |       |       |       |       |       ||    23
         Plate armour      |    11 |    65 |   172 |    52 |   235 |       |   217 |       |       ||   752
         Ring mail         |       |       |       |   191 |    24 |       |   110 |    76 |       ||   401
         Ice dragon scales |       |       |       |       |    33 |   250 |       |       |       ||   283
         Chain mail        |       |       |       |       |   192 |       |       |       |       ||   192
         Fire dragon scale |       |       |       |       |       |   213 |    13 |       |       ||   226
         Gold dragon scale |       |       |       |       |       |       |       |   447 |   387 ||   834
         Skin              |       |       |       |       |       |       |       |       |    12 ||    12
  Dodge: Dodged            |    24 |     9 |    55 |   118 |   201 |   279 |   170 |   180 |   133 ||  1169

Table legend: (Time is in decaauts)
 A = Elapsed time spent in this place.
 B = Non-inter-level travel time spent in this place.
 C = Inter-level travel time spent in this place.
 D = Time resting spent in this place.
 E = Time spent auto-exploring this place.
 F = Levels seen in this place.
 G = Mean time per level.
                   A        B        C        D        E       F      G
               +--------+--------+--------+--------+--------+-----+--------+
         Total |  90661 |  77834 |  12827 |  25696 |  39629 |  55 | 1648.4 |
       Dungeon |  24116 |  19985 |   4131 |   5591 |  11662 |  15 | 1607.7 |
          Lair |   9425 |   7942 |   1483 |   2599 |   3894 |   5 | 1885.0 |
        Shoals |   5988 |   5107 |    881 |   2295 |   1793 |   4 | 1497.0 |
     Snake Pit |   9195 |   8068 |   1127 |   2266 |   4764 |   4 | 2298.8 |
  Orcish Mines |   2919 |   2284 |    635 |    617 |   1139 |   2 | 1459.5 |
   Elven Halls |   7680 |   7201 |    479 |   1126 |   5239 |   3 | 2560.0 |
        Vaults |  10236 |   8426 |   1810 |   3397 |   3621 |   5 | 2047.2 |
         Crypt |   7405 |   6774 |    631 |   1779 |   4011 |   3 | 2468.3 |
        Depths |   7492 |   6567 |    925 |   3238 |   2374 |   4 | 1873.0 |
           Zot |   3534 |   2815 |    719 |   1856 |    326 |   5 |  706.8 |
        Bazaar |    320 |    320 |      0 |      0 |    244 |   2 |  160.0 |
        Bailey |   1167 |   1167 |      0 |    540 |    172 |   1 | 1167.0 |
      Ice Cave |    497 |    497 |      0 |    284 |     51 |   1 |  497.0 |
      Gauntlet |    681 |    681 |      0 |    102 |    337 |   1 |  681.0 |
               +--------+--------+--------+--------+--------+-----+--------+

Top non-repeatable levels by time:
 Crypt:3: 4295 daAuts
   Elf:3: 3713 daAuts
 Snake:1: 3190 daAuts
 Snake:4: 2885 daAuts
Depths:2: 2578 daAuts
  Lair:5: 2553 daAuts
    D:15: 2539 daAuts
    D:10: 2420 daAuts
  Lair:3: 2418 daAuts
   Zot:5: 2332 daAuts
Vaults:5: 2306 daAuts
   Elf:2: 2245 daAuts
Vaults:1: 2202 daAuts
Depths:3: 2185 daAuts
Vaults:3: 2163 daAuts
